Match 33985130
Unlisted

Match 33985130
End
Construct Barracks
Riflemen Squad
Riflemen Squad
Grenade Package
Engineer Squad
Infantry Support Center
.30 cal Machine Gun
Selects Special Operations Battlegroup
Selects Smoke Screen
.30 cal Machine Gun
Construct Tank Depot
Riflemen Squad
Selects M29 Weasel with M1 Pack Howitzer
AI Takeover
Commandeur ripjP
Groju
LittleBear
Microsoft Office PowerPoint
Microsoft Office Excel
Microsoft Office Word
0
0

Comments sign in to comment!

No comments posted yet!